 Dungeon Crawl Stone Soup version 0.19-a0-1568-gdd01aac (webtiles) character file.

21887 junb69 the Warrior (level 12, -1/121 HPs)
             Began as a Minotaur Gladiator on Sept 15, 2016.
             Slain by a red devil
             ... wielding a +0 trident
              (2 damage)
             ... on level 6 of the Lair of Beasts.
             The game lasted 00:26:23 (9669 turns).

junb69 the Warrior (Minotaur Gladiator)             Turns: 9669, Time: 00:26:25

Health: -1/121     AC: 20    Str: 28    XL:     12   Next: 58%
Magic:  11/11      EV: 14    Int:  5    God:    Xom [...*..]
Gold:   418        SH:  4    Dex: 13    Spells: 0 memorised, 11 levels left

rFire  . . .     SeeInvis .     K - +5 executioner's axe (flame)
rCold  + + .     Gourm    .     A - +2 plate armour {rC+}
rNeg   + . .     Faith    +     (shield currently unavailable)
rPois  .         Spirit   .     c - +1 hat
rElec  .         Dismiss  .     (no cloak)
rCorr  .         Reflect  .     (no gloves)
MR     .....     Harm     .     s - +2 pair of boots
Stlth  ..........               y - amulet of faith
                                n - +2 ring of evasion
                                G - ring of positive energy

@: mighty
A: retaliatory headbutt, beak, horns 2, large bone plates 1, blurry vision 1,
cold resistance 1, deterioration 2, no device heal 1
a: Renounce Religion


You were on level 6 of the Lair of Beasts.
You worshipped Xom.
You were a favourite toy of Xom.
You were not hungry.

You visited 2 branches of the dungeon, and saw 16 of its levels.

You collected 509 gold pieces.
You spent 91 gold pieces at shops.

Inventory:

Hand Weapons
 h - a +0 broad axe
 K - a +5 executioner's axe of flaming (weapon)
Missiles
 d - 3 throwing nets (quivered)
Armour
 c - a +1 hat (worn)
 s - a +2 pair of boots (worn)
 A - a +2 plate armour of cold resistance (worn)
Jewellery
 n - a +2 ring of evasion (right hand)
 y - an amulet of faith (around neck)
 G - a ring of positive energy (left hand)
 Q - an uncursed ring of protection from cold
Wands
 j - a wand of disintegration (14/24)
 u - a wand of flame (5/48)
 C - a wand of digging (8/24)
 E - a wand of acid (3/15)
 L - a wand of digging (12/24)
 M - a wand of iceblast (7/15)
 N - a wand of digging (11/24)
 P - a wand of slowing (20/48)
 U - a wand of teleportation (5/9)
 V - a wand of confusion (9/48)
Scrolls
 b - 6 scrolls of teleportation
 e - a scroll of fog
 o - 2 scrolls of recharging
 t - 3 scrolls of magic mapping
 z - 2 scrolls of remove curse
 J - 2 scrolls of enchant armour
 O - a scroll of immolation
 R - a scroll of blinking
 X - a scroll of amnesia {unknown}
Potions
 a - 4 potions of heal wounds {unknown}
 g - 3 potions of resistance
 i - 2 potions of agility {unknown}
 l - 8 potions of curing
 m - a potion of cure mutation {unknown}
 p - a potion of cancellation {unknown}
 q - 2 potions of haste
 r - a potion of berserk rage {unknown}
 x - a potion of lignification {unknown}
 D - a potion of might
 F - a potion of brilliance
 H - 2 potions of degeneration {unknown}
 I - 2 potions of magic {unknown}
 S - a potion of beneficial mutation {unknown}
 T - a potion of ambrosia {unknown}
Comestibles
 f - 14 bread rations
 k - 3 slices of pizza
 v - 7 fruits
 w - 5 meat rations
 B - a royal jelly
 W - 4 chunks of flesh


   Skills:
 * Level 15.3 Fighting
 * Level 15.1 Axes
 - Level 2.0 Throwing
 - Level 8.7 Armour
 - Level 8.7 Dodging


You had 11 spell levels left.
You didn't know any spells.

Dungeon Overview and Level Annotations

Branches:
Dungeon (10/15)            Temple (0/1) D:4            Lair (5/6) D:10
  Swamp (0/4) Lair:3       Spider (0/4) Lair:3        Slime (0/5) Lair:6
    Orc: D:9-12

Altars:
Elyvilon
Kikubaaqudgha
Makhleb
Okawaru
Sif Muna
Vehumet
Xom
Yredelemnul
Zin

Shops:
D:6 =*!*:


Innate Abilities, Weirdness & Mutations

You reflexively headbutt those who attack you in melee.
You have a pair of horns on your head.
You have a beak for a mouth.
You are partially covered in large bone plates. (SH +4)
Scrolls take you a little longer to read.
Your flesh is cold resistant. (rC+)
Your body often deteriorates upon taking damage.
Potions and wands are less effective at restoring your health.


Message History

You feel better. The sixfirhy closely misses you. You furiously retaliate!
You headbutt the sixfirhy, but do no damage.
The sixfirhy hits you but does no damage.
The hell hound closely misses you.
The red devil hits you from afar with a trident!
* * * LOW HITPOINT WARNING * * *
The orange demon stings you but does no damage.
The ice devil hits you.
* * * LOW HITPOINT WARNING * * *
The ice devil freezes you. You resist.
* * * LOW HITPOINT WARNING * * *
Xom thinks this is hilarious!
It was a potion of might.
You feel very mighty all of a sudden.
The hell hound bites you but does no damage.
The ice devil hits you but does no damage.
You block the orange demon's attack.
The red devil hits you from afar with a trident.
You die...
Xom cackles wildly!

*******######*******
*≈≈≈≈≈≈≈≈≈§≈≈≈≈≈≈≈≈*
*≈≈≈≈≈≈≈≈≈≈≈≈####*********
*≈≈≈≈≈≈≈4≈≈.....#,,,,,,,,*
*≈≈≈≈≈≈......§§§#,,8,8,,,*
*≈≈≈≈∩,.43._§44§+,,,8,8,,*
*≈≈≈≈≈§.34..§43@#,,8,8,,,*
*≈≈≈≈≈≈≈.4..§4h§#,,,8,8,,*
*≈*****##########,,8,8,,,*
*≈*,,,,,,,,,,,,,+,,,8,8,,*
*≈*,,,,8,,,,8,,,*,,,,,,,,**
*≈*,,,,,,,,,,,,,*********+*****
*********++****** ***,**,** **
*,,,,* ***,,,,,,,* *,,,,*
***,,,,***,,,


You could see an orange demon, 2 ice devils, a sixfirhy, a red devil and a hell
hound.

Vanquished Creatures
  An entropy weaver (Lair:6)
  A hydra (Lair:6)
  Nergalle (D:10)
  Sonja (Lair:3)
  A griffon (Lair:3)
  A faun (Lair:2)
  Maurice (D:7)
  Joseph (D:10)
  Psyche (D:9)
  8 spiny frogs
  2 black mambas
  A centaur zombie (D:10)
  A rime drake (Lair:4)
  2 komodo dragons
  2 trolls (D:9)
  A two-headed ogre (D:10)
  6 dream sheep (Lair:6)
  A wyvern (D:8)
  A redback (Lair:3)
  A spriggan (D:7)
  12 yaks
  2 hungry ghosts (D:9)
  Grum (Lair:1)
  7 hippogriffs
  5 water moccasins
  6 porcupines
  5 orc warriors
  A phantom (D:5)
  4 black bears
  3 necrophages
  3 ice beasts
  2 ogres (D:5)
  2 sky beasts
  An eye of draining (D:10)
  21 wolves
  2 centaurs
  3 crocodiles
  2 big kobolds
  10 bullfrogs
  4 scorpions
  3 wights (D:9)
  3 killer bees (D:7)
  7 electric eels
  6 crimson imps
  5 howler monkeys
  2 bullfrog zombies
  6 orc priests
  13 orc wizards
  2 bullfrog skeletons
  A hound (D:5)
  3 jellies
  A gnoll shaman (D:6)
  4 iguanas
  5 worker ants
  2 hound zombies
  A hound skeleton (D:5)
  8 gnolls
  A howler monkey skeleton (D:7)
  8 adders
  12 river rats
  A shadow imp (D:9)
  2 worms
  6 leopard geckos
  42 orcs
  4 bats
  3 giant cockroaches
  10 jackals
  15 kobolds
  4 frilled lizards
  A jackal skeleton (D:4)
  A rat (D:1)
  A fire vortex (Lair:2)
  A plant (Lair:3)
315 creatures vanquished.

Vanquished Creatures (collateral kills)
  An orc warrior (D:9)
  An ogre (D:10)
  2 wights (D:9)
  A crimson imp (D:8)
  An orc (D:9)
6 creatures vanquished.

Vanquished Creatures (others)
  2 jackals (D:2)
  A bush (Lair:2)
  A fire vortex (Lair:2)
  A fungus (Lair:2)
5 creatures vanquished.

Grand Total: 326 creatures vanquished

Notes
Turn   | Place    | Note
-------+----------+-------------------------------------------
     0 | D:1      | junb69 the Minotaur Gladiator began the quest for the Orb.
     0 | D:1      | Reached XP level 1. HP: 18/18 MP: 0/0
   145 | D:2      | Reached XP level 2. HP: 25/26 MP: 1/1
   157 | D:2      | Found a deep blue altar of Sif Muna.
   157 | D:2      | Found a basalt altar of Yredelemnul.
   164 | D:2      | Found a faded altar of an unknown god.
   173 | D:2      | Became a worshipper of Xom of Chaos
   211 | D:2      | Found a radiant altar of Vehumet.
   471 | D:2      | Found an iron altar of Okawaru.
   518 | D:2      | XOM: silly message
   559 | D:3      | XOM: mild Hex miscast
   598 | D:3      | Reached XP level 3. HP: 30/33 MP: 2/2
   702 | D:4      | Found a burning altar of Makhleb.
   711 | D:4      | Noticed an Executioner
   714 | D:4      | Found a glowing silver altar of Zin.
   714 | D:4      | Noticed an angel
   745 | D:4      | Reached XP level 4. HP: 33/40 MP: 3/3
   748 | D:4      | Found a staircase to the Ecumenical Temple.
   755 | D:4      | Reached skill level 5 in Axes
   762 | D:4      | XOM: cast spell 'Dragon Form'
   770 | D:5      | Entered Level 5 of the Dungeon
   782 | D:5      | Noticed a centaur
   783 | D:5      | Killed a centaur
   783 | D:5      | Reached skill level 5 in Fighting
   783 | D:5      | Reached XP level 5. HP: 48/48 MP: 4/4
   854 | D:5      | XOM: cast spell 'Statue Form'
   872 | D:5      | Noticed an ice beast
   886 | D:5      | Killed an ice beast
   886 | D:5      | Reached XP level 6. HP: 57/57 MP: 5/5
   889 | D:5      | Noticed a sky beast
   894 | D:5      | Killed a sky beast
   903 | D:5      | Gained mutation: Potions and wands are less effective at restoring your health. [mutagenic meat]
   944 | D:5      | XOM: potion effect (invisibility)
   959 | D:5      | XOM: divination: magic mapping
   997 | D:5      | Reached XP level 7. HP: 53/66 MP: 6/6
  1079 | D:5      | XOM: mild Pois miscast
  1115 | D:5      | XOM: enchant monster (good)
  1188 | D:6      | Found Ximaucse's Jewellery Boutique.
  1197 | D:6      | Bought a cursed +2 ring of protection for 91 gold pieces
  1206 | D:6      | XOM: mild Summ miscast
  1239 | D:6      | XOM: blink monster(s)
  1249 | D:6      | XOM: cast spell 'Olgreb's Toxic Radiance'
  1253 | D:6      | Reached XP level 8. HP: 27/75 MP: 7/7
  1278 | D:6      | XOM: harmless Fire miscast
  1426 | D:6      | XOM: scenery: 1 doors open
  1432 | D:6      | Found Castreg's Assorted Antiques.
  1433 | D:6      | Found Monyosae's Distillery.
  1441 | D:6      | Found Gadwooc's Assorted Antiques.
  1559 | D:6      | XOM: 4-stop teleportation journey
  1677 | D:6      | XOM: medium Erth miscast
  1691 | D:6      | XOM: divination: magic mapping
  1752 | D:6      | Found Hahal's Book Boutique.
  1757 | D:6      | XOM: blink monster(s)
  1870 | D:6      | XOM: harmless Tloc miscast
  1901 | D:6      | XOM: medium Divn miscast
  1926 | D:6      | XOM: 4-stop teleportation journey
  2059 | D:7      | XOM: harmless Air miscast
  2255 | D:7      | Reached skill level 10 in Axes
  2328 | D:7      | XOM: harmless Fire miscast
  2379 | D:7      | Reached skill level 10 in Fighting
  2383 | D:7      | Reached XP level 9. HP: 67/85 MP: 8/8
  2424 | D:7      | XOM: give mutation
  2424 | D:7      | Gained mutation: Scrolls take you a little longer to read. [Xom's mischief]
  2528 | D:7      | XOM: summons 4 hostile demons
  2534 | D:7      | XOM: summons 4 hostile demons
  2701 | D:7      | XOM: cloud trail
  3040 | D:8      | XOM: enchant monster (good)
  3049 | D:8      | Noticed Maurice
  3060 | D:7      | XOM: potion effect (brilliance)
  3062 | D:7      | XOM: divination: detect items
  3246 | D:7      | XOM is BORED!
  3246 | D:7      | XOM: noise
  3251 | D:7      | XOM: noise
  3269 | D:7      | Killed Maurice
  3407 | D:8      | XOM: give mutations
  3407 | D:8      | Gained mutation: You are partially covered in large bone plates. (SH +4) [Xom's mischief]
  3407 | D:8      | Gained mutation: You have a beak for a mouth. [Xom's mischief]
  3411 | D:8      | XOM: 9-stop teleportation journey
  3415 | D:8      | XOM: summons friendly crimson imp
  3700 | D:8      | XOM: noise
  3827 | D:8      | Found a white marble altar of Elyvilon.
  3879 | D:8      | XOM: draining
  4063 | D:8      | XOM: god gift: 2 inky potions {god gift}
  4128 | D:9      | Noticed a troll
  4131 | D:9      | XOM: summons friendly ufetubus
  4132 | D:9      | XOM: potion effect (haste)
  4136 | D:9      | Killed a troll
  4136 | D:9      | Reached skill level 1 in Armour
  4136 | D:9      | Reached XP level 10. HP: 84/97 MP: 9/9
  4138 | D:9      | XOM: scenery: create altars
  4144 | D:9      | XOM: smoke on damage
  4453 | D:9      | Noticed Psyche
  4460 | D:9      | Killed Psyche
  4460 | D:9      | Reached skill level 5 in Dodging
  4483 | D:9      | XOM: stat loss: -1 Int (4/5)
  4546 | D:9      | XOM: mild Chrm miscast
  4655 | D:9      | XOM: give mutation
  4655 | D:9      | Gained mutation: Your body sometimes deteriorates upon taking damage. [Xom's mischief]
  4687 | D:9      | Reached skill level 5 in Armour
  4917 | D:10     | Entered Level 10 of the Dungeon
  5003 | D:10     | Found a staircase to the Lair.
  5007 | D:10     | Noticed Joseph
  5029 | D:10     | Killed Joseph
  5173 | D:10     | XOM: smoke on damage
  5230 | D:10     | XOM: mild Tloc miscast
  5342 | D:10     | XOM: god gift: 51 gold pieces
  5601 | D:10     | Noticed Nergalle
  5608 | D:10     | XOM: summons friendly shadow imp
  5612 | D:10     | XOM: god gift: 2 bubbling cyan potions {god gift}
  5614 | D:10     | Killed Nergalle
  5707 | D:10     | XOM: polymorph shadow imp -> quasit
  6030 | D:10     | XOM: god gift: 28 arrows
  6059 | D:10     | Reached XP level 11. HP: 104/104 MP: 10/10
  6109 | D:10     | XOM: 3-stop teleportation journey
  6167 | D:10     | XOM: scenery: create altars
  6169 | Lair:1   | Entered Level 1 of the Lair of Beasts
  6179 | Lair:1   | Noticed Grum
  6186 | Lair:1   | XOM: harmless Hex miscast
  6188 | Lair:1   | Killed Grum
  6228 | Lair:1   | XOM: harmless Hex miscast
  6311 | Lair:1   | XOM: harmless Erth miscast
  6354 | Lair:1   | XOM: swap monsters
  6383 | Lair:1   | Found an ancient bone altar of Kikubaaqudgha.
  6385 | Lair:1   | XOM: 2-stop teleportation journey
  6409 | Lair:1   | XOM: give mutations
  6409 | Lair:1   | Gained mutation: Your body often deteriorates upon taking damage. [Xom's mischief]
  6409 | Lair:1   | Gained mutation: Your flesh is cold resistant. (rC+) [Xom's mischief]
  6409 | Lair:1   | Lost mutation: Scrolls take you a little longer to read. [Xom's mischief]
  6409 | Lair:1   | Gained mutation: Scrolls take you a little longer to read. [Xom's mischief]
  6481 | Lair:1   | XOM: cast spell 'Summon Butterflies'
  6568 | Lair:1   | XOM: silly message
  6679 | Lair:1   | XOM: scenery: create altars
  6840 | Lair:2   | XOM: destruction
  6902 | Lair:2   | XOM: divination: magic mapping
  7001 | Lair:2   | XOM: scenery: create altars
  7094 | Lair:2   | XOM: enchant monster (bad)
  7102 | Lair:2   | XOM: mild Fire miscast
  7334 | Lair:2   | XOM: 4-stop teleportation journey
  7344 | Lair:2   | XOM: medium Erth miscast
  7354 | Lair:2   | Noticed Fannar
  7361 | Lair:2   | XOM: destruction
  7364 | Lair:2   | Noticed Fannar
  7364 | Lair:2   | Fannar changed into Fannar the faun
  7364 | Lair:2   | XOM: polymorph Fannar -> Fannar the faun
  7370 | Lair:2   | Killed Fannar the faun
  7529 | Lair:2   | XOM: summons 5 hostile demons
  7549 | Lair:2   | XOM: polymorph iron imp -> quasit
  7554 | Lair:2   | XOM: noise
  7685 | Lair:2   | XOM: silly message
  7838 | Lair:3   | Found a staircase to the Swamp.
  7838 | Lair:3   | Noticed a griffon
  7849 | Lair:3   | Killed a griffon
  8125 | Lair:3   | XOM: scenery: 1 doors open
  8142 | Lair:3   | XOM: 3-stop teleportation journey
  8145 | Lair:3   | Found a hole to the Spider Nest.
  8188 | Lair:3   | XOM: potion effect (curing)
  8192 | Lair:3   | Reached XP level 12. HP: 93/116 MP: 11/11
  8225 | Lair:3   | XOM: 8-stop teleportation journey
  8363 | Lair:3   | XOM: polymorph wolf -> bullfrog
  8510 | Lair:3   | XOM: polymorph yak -> black bear
  8519 | Lair:3   | XOM: enchant monster (good)
  8800 | Lair:3   | Noticed Sonja
  8809 | Lair:3   | XOM: cast spell 'Summon Small Mammal'
  8814 | Lair:3   | Killed Sonja
  9083 | Lair:3   | XOM: scenery: 1 doors close
  9242 | Lair:3   | Identified a scroll of acquirement
  9443 | Lair:4   | XOM: snakes to sticks
  9563 | Lair:4   | XOM: mild Erth miscast
  9624 | Lair:5   | XOM: enchant monster (good)
  9625 | Lair:5   | You fall through a shaft!
  9625 | Lair:6   | Entered Level 6 of the Lair of Beasts
  9625 | Lair:6   | XOM: noise
  9627 | Lair:6   | XOM: fake destruction
  9628 | Lair:6   | Noticed a six-headed hydra
  9628 | Lair:6   | XOM: summons friendly shadow imp
  9633 | Lair:6   | Noticed an entropy weaver
  9633 | Lair:6   | a six-headed hydra changed into an entropy weaver
  9633 | Lair:6   | XOM: polymorph six-headed hydra -> entropy weaver
  9634 | Lair:6   | Reached skill level 15 in Fighting
  9636 | Lair:6   | Killed an entropy weaver
  9638 | Lair:6   | Noticed a seven-headed hydra
  9642 | Lair:6   | XOM: summons friendly quasit
  9647 | Lair:6   | Killed a five-headed hydra
  9647 | Lair:6   | Reached skill level 15 in Axes
  9658 | Lair:6   | XOM: 1-stop teleportation journey
  9662 | Lair:6   | Found a burning altar of Makhleb.
  9662 | Lair:6   | XOM: 1-stop teleportation journey
  9668 | Lair:6   | HP: 5/121 [ice devil (2)]
  9668 | Lair:6   | HP: 1/121 [ice devil (4)]
  9669 | Lair:6   | Slain by a red devil

Vault maps used:
D:1:      ncdulo_watergridlock
D:2:      minmay_wonky_spiral, fiery_altar_vehumet, grunt_temple_overflow_open,
          nicolae_gozag_seed_capital, marbit_many_paths,
          amethyst_overflow_temple_binary, nicolae_overflow_crystal_walls,
          ecumenical_altar_2
D:4:      grunt_temple_overflow_order_and_chaos_2, serial_shops, shop
D:5:      first_bread
D:6:      black_bear_nest_2, serial_shops, shop, nicolae_shop_trees, shop,
          nicolae_shop_behind_doors, shop
D:7:      serial_curves, eino_curves_01, eino_curves_01, the_bakery
D:8:      lemuel_coloured_pillars_altar, uniq_maurice
D:9:      uniq_psyche
D:10:     serial_undead, serial_undead_b, serial_undead_f, serial_undead_e,
          serial_undead_c, uniq_joseph, uniq_nergalle
Lair:1:   basic_altar, serial_bayou_shore_a, serial_bayou_shore_b, uniq_grum
Lair:2:   beast_lair_carwin_11, uniq_fannar
Lair:3:   swamp_mist, spider_nest_entry_a, uniq_sonja
Lair:4:   grunt_megastairs_5
Lair:5:   grunt_megastairs_2
Lair:6:   evil_forest, slime_altar_1, portal_ice_cave_demonic_guard,
          basic_altar, serial_bayou_crossing

Skill      XL: |  1  2  3  4  5  6  7  8  9 10 11 12 |
---------------+-------------------------------------+-----
Fighting       | 3 4 5 7 8 10 12 13 15 | 15.3
Axes           | 4 5 6 7 8 10 12 13 15 | 15.1
Armour         | 1 7 8 |  8.7
Dodging        | 8 |  8.7
Throwing       | |  2.0

Action                   |  1- 3 |  4- 6 |  7- 9 | 10-12 || total
-------------------------+-------+-------+-------+-------++-------
Melee: War axe           |    50 |    36 |   297 |       ||   383
       Headbutt          |    10 |    12 |    58 |   115 ||   195
       Unarmed           |       |     7 |       |       ||     7
       Tailslap          |       |     2 |       |       ||     2
       Broad axe         |       |       |     4 |   462 ||   466
       Peck              |       |       |     4 |    87 ||    91
       Executioner's axe |       |       |       |    23 ||    23
Evoke: Wand              |       |       |       |     9 ||     9
  Use: Scroll            |       |       |    15 |    10 ||    25
       Potion            |       |       |     1 |     4 ||     5
 Stab: Distracted        |       |       |       |     1 ||     1
       Confused          |       |       |       |     1 ||     1
  Eat: Chunk             |       |     2 |     9 |    16 ||    27
       Royal jelly       |       |       |     1 |       ||     1
       Fruit             |       |       |       |     4 ||     4
       Bread ration      |       |       |       |     1 ||     1
Armor: Leather armour    |     7 |       |       |       ||     7
       Ring mail         |    15 |     2 |       |       ||    17
       Chain mail        |       |    11 |   116 |       ||   127
       Skin              |       |     6 |       |       ||     6
       Plate armour      |       |       |   106 |   288 ||   394
Dodge: Dodged            |    33 |    24 |   170 |   296 ||   523
Block: Other             |       |       |    13 |    97 ||   110
